 Dungeon Crawl Stone Soup version 0.20.1-1-g8b1a95d (webtiles) character file.

822 Chifra the Vexing (level 7, -9/40 HPs)
             Began as a Deep Elf Enchanter on July 13, 2017.
             Was a Follower of Dithmenos.
             Mangled by an orc warrior
             ... wielding a +0 glaive
              (20 damage)
             ... on level 5 of the Dungeon.
             The game lasted 00:22:58 (6742 turns).

Chifra the Vexing (Deep Elf Enchanter)              Turns: 6742, Time: 00:23:00

Health: -9/40      AC:  7    Str:  7    XL:     7   Next: 63%
Magic:  10/17      EV: 14    Int: 21    God:    Dithmenos [*.....]
Gold:   200        SH:  0    Dex: 16    Spells: 10/16 levels left

rFire    + . .     SeeInvis .   a - +2 dagger
rCold    . . .     Gourm    .   (no shield)
rNeg     . . .     Faith    .   i - +3 leather armour {rF+}
rPois    .         Spirit   .   (no helmet)
rElec    .         Reflect  .   (no cloak)
rCorr    .         Harm     .   x - +0 pair of gloves
MR       .....                  (no boots)
Stlth    +++++.....             (no amulet)
Regen    0.2/turn               y - ring of stealth
MPRegen  0.2/turn               j - +2 ring of strength

@: lethally poisoned (-9 -> -13), wreathed by umbra
A: no striking features
a: Renounce Religion


You were on level 5 of the Dungeon.
You worshipped Dithmenos.
Dithmenos was aware of your devotion.
You were not hungry.

You visited 2 branches of the dungeon, and saw 6 of its levels.
You also visited: Sewer.

You collected 200 gold pieces.

Inventory:

Hand Weapons
 a - a +2 dagger (weapon)
Armour
 i - a +3 leather armour of fire resistance (worn)
 x - a +0 pair of gloves (worn)
Jewellery
 j - a +2 ring of strength (right hand)
 y - a ring of stealth (left hand)
 z - a +2 ring of protection {unknown}
Scrolls
 g - 2 scrolls of blinking
 k - 3 scrolls of magic mapping
 l - a scroll of amnesia
 p - a scroll of enchant weapon
 s - a scroll of identify
 v - 2 scrolls of enchant armour
Potions
 b - a potion of brilliance {unknown}
 e - a potion of berserk rage
 f - 5 potions of curing {unknown}
 h - 5 potions of flight {unknown}
 m - a potion of mutation {unknown}
 o - a potion of might {unknown}
 r - 3 potions of heal wounds
 t - 2 potions of agility {unknown}
 u - a potion of lignification {unknown}
 w - a potion of haste {unknown}
Books
 c - a book of Maledictions

   Spells                             Type                      Level
   a - Corona                         Hexes                        1
   b - Ensorcelled Hibernation        Hexes/Ice                    2
   c - Confuse                        Hexes                        3
   d - Tukima's Dance                 Hexes                        3
   e - Dazzling Spray                 Conjuration/Hexes            3
Comestibles
 d - 2 bread rations
 n - 2 meat rations
 q - a chunk of flesh


   Skills:
 + Level 2.4 Fighting
 + Level 3.2 Short Blades
 + Level 5.2 Dodging
 + Level 5.8 Stealth
 + Level 5.4 Spellcasting
 + Level 6.1 Hexes


You had 10 spell levels left.
You knew the following spells:

 Your Spells              Type           Power        Failure   Level  Hunger
a - Corona                Hex            ####...      1%          1    None
b - Ensorcelled Hibernat  Hex/Ice        ###...       7%          2    None
c - Confuse               Hex            ####....     3%          3    ##.....


Dungeon Overview and Level Annotations

Branches:
Dungeon (5/15)             Temple (1/1) D:4

Altars:
Ashenzari
Cheibriados
Dithmenos
Elyvilon
Hepliaklqana
Kikubaaqudgha
Makhleb
Nemelex Xobeh
Okawaru
Qazlal
Ru
Sif Muna
Uskayaw
Xom
Yredelemnul
Zin
The Shining One

Annotations:
D:3 2 transporters


Message History

The orc warrior hits you from afar with a glaive!
Your leather armour prevents you from hitting the orc priest.
The worker ant bites you.
You are poisoned.
The worker ant poisons you!
Casting: Ensorcelled Hibernation
Confirm with . or Enter, or press ? or * to list all spells.
Aiming: Ensorcelled Hibernation
Press: ? - help, Shift-Dir - straight line, f/p - orc priest
Aim: an orc priest, wielding a mace and wearing a leather armour (umbra, chance to defeat MR: 49%)
The orc priest looks drowsy...
You feel sick. The orc warrior completely misses you.
The worker ant closely misses you.
The helpless orc priest fails to defend itself.
You impale the orc priest!!
You kill the orc priest!
Dithmenos accepts your kill.
You feel sick. The worker ant misses you.
The orc warrior hits you from afar with a glaive!!
Ouch! That really hurt!
You die...

..####.... ...........
..........# ...........#
...........## .
.###..........###...
<....................
..............@a.....#
..#.........$..).....#
#...............o....#
#...................>.
#................#....
###..<..................
......................#.
#..................# .
#.##.............#.... .
..#


You could see an orc warrior and a worker ant.

Vanquished Creatures
  Prince Ribbit (D:5)
  An ogre (D:4)
  The ghost of tschems the Skirmisher, an amateur HuFi (D:3)
  A big kobold (Sewer)
  A scorpion (D:4)
  4 orc priests
  A worker ant (D:5)
  A howler monkey skeleton (D:4)
  7 adders
  A river rat (Sewer)
  3 oozes
  An adder skeleton (D:4)
  An adder zombie (D:5)
  A worm (D:2)
  2 dart slugs
  7 leopard geckos
  9 orcs
  3 giant cockroaches
  5 goblins
  8 hobgoblins
  9 jackals
  A ball python (D:3)
  6 bats
  5 frilled lizards
  10 kobolds
  8 rats
98 creatures vanquished.

Notes
Turn   | Place    | Note
-------+----------+-------------------------------------------
     0 | D:1      | Chifra the Deep Elf Enchanter began the quest for the Orb.
     0 | D:1      | Reached XP level 1. HP: 10/10 MP: 6/6
     2 | D:1      | Noticed an elf
     2 | D:1      | Noticed a demigod
     4 | D:1      | Noticed a troll
     8 | D:1      | Noticed a draconian
     8 | D:1      | Noticed a vine stalker
    10 | D:1      | Noticed a ghoul
    10 | D:1      | Noticed a human
    14 | D:1      | Noticed an ogre
    14 | D:1      | Noticed a naga
    16 | D:1      | Noticed a gargoyle
    16 | D:1      | Noticed a merfolk
    18 | D:1      | Noticed a minotaur
    18 | D:1      | Noticed a tengu
    20 | D:1      | Noticed a demonspawn
    22 | D:1      | Noticed a halfling
    22 | D:1      | Noticed a centaur
    26 | D:1      | Noticed a formicid
    26 | D:1      | Noticed a spriggan
    28 | D:1      | Noticed a dwarf
    28 | D:1      | Noticed a vampire
    30 | D:1      | Noticed an octopode
    30 | D:1      | Noticed a felid
   456 | D:1      | Reached XP level 2. HP: 5/15 MP: 6/8
  1612 | D:1      | Reached XP level 3. HP: 19/19 MP: 9/9
  1742 | D:1      | Learned a level 2 spell: Ensorcelled Hibernation
  1746 | D:1      | Learned a level 3 spell: Confuse
  3247 | D:3      | Found a shadowy altar of Dithmenos.
  3252 | D:3      | Noticed tschems's ghost (amateur HuFi)
  3255 | D:3      | Became a worshipper of Dithmenos the Shadowed
  3426 | D:3      | Found a hazy altar of Hepliaklqana.
  3443 | D:3      | Found a glowing drain.
  3466 | D:3      | Reached XP level 4. HP: 12/24 MP: 0/11
  3550 | Sewer    | Entered a sewer
  3736 | Sewer    | Noticed a big kobold
  3789 | Sewer    | Killed a big kobold
  3789 | Sewer    | Reached skill level 1 in Fighting
  3789 | Sewer    | Reached XP level 5. HP: 7/29 MP: 2/12
  4063 | Sewer    | Found a white marble altar of Elyvilon.
  4560 | D:3      | Killed tschems's ghost
  4560 | D:3      | Reached skill level 5 in Hexes
  4629 | D:3      | Found a transporter.
  4655 | D:3      | Found a transporter.
  4954 | D:3      | Reached skill level 5 in Stealth
  4958 | D:3      | Reached XP level 6. HP: 24/34 MP: 14/14
  5437 | D:4      | Reached * piety under Dithmenos
  5566 | D:4      | Found a staircase to the Ecumenical Temple.
  5580 | Temple   | Entered the Ecumenical Temple
  5892 | D:4      | Found a sacrificial altar of Ru.
  6075 | D:4      | Found a basalt altar of Yredelemnul.
  6205 | D:4      | Reached XP level 7. HP: 25/40 MP: 11/16
  6364 | D:4      | Found a shimmering altar of Xom.
  6430 | D:5      | Entered Level 5 of the Dungeon
  6443 | D:5      | Noticed Prince Ribbit
  6470 | D:5      | Killed Prince Ribbit
  6470 | D:5      | Reached skill level 5 in Dodging
  6470 | D:5      | Reached skill level 5 in Spellcasting
  6594 | D:5      | Reached skill level 6 in Hexes
  6742 | D:5      | Mangled by an orc warrior

Skill      XL: |  1  2  3  4  5  6  7 |
---------------+----------------------+-----
Dodging        | 3 4 5 |  5.2
Stealth        | 4 5 |  5.8
Fighting       | 1 2 |  2.4
Short Blades   | 2 3 |  3.2
Spellcasting   | 4 5 |  5.4
Hexes          | 5 6 |  6.1

Action                   |  1- 3 |  4- 6 |  7- 9 || total
-------------------------+-------+-------+-------++-------
Melee: Dagger            |   252 |   194 |    42 ||   488
 Cast: Corona            |     5 |       |       ||     5
       Ensorcelled Hiber |    10 |    27 |     4 ||    41
       Confuse           |       |     4 |     3 ||     7
  Use: Scroll            |     4 |     5 |       ||     9
       Potion            |       |     1 |       ||     1
 Stab: Sleeping          |    10 |    22 |     4 ||    36
       Confused          |       |     4 |     1 ||     5
  Eat: Chunk             |     3 |     3 |       ||     6
       Meat ration       |     1 |     2 |       ||     3
Armor: Leather armour    |   120 |    72 |    11 ||   203
Dodge: Dodged            |   191 |   125 |    28 ||   344
